 Dungeon Crawl Stone Soup version 0.22.0-6-g71bd7aa (webtiles) character file.

2 Amnesiac the Magician (level 1, 0/13 HPs)
             Began as a Mummy Air Elementalist on Aug 16, 2018.
             Slain by a leopard gecko (4 damage)
             ... on level 1 of the Dungeon.
             The game lasted 00:00:47 (204 turns).

Amnesiac the Magician (Mummy Air Elementalist)       Turns: 204, Time: 00:00:47

Health: 0/13       AC:  2    Str: 11    XL:     1   Next: 25%
Magic:  0/4        EV: 12    Int: 14    God:
Gold:   12         SH:  0    Dex: 12    Spells: 4/5 levels left

rFire    x . .     SeeInvis .   (no weapon)
rCold    + . .     Gourm    .   (no shield)
rNeg     + + +     Faith    .   a - +0 robe
rPois    ∞         Spirit   .   (no helmet)
rElec    .         Reflect  .   (no cloak)
rCorr    .         Harm     .   (no gloves)
MR       .....                  (no boots)
Stlth    ++........             (no amulet)
HPRegen  0.04/turn              (no ring)
MPRegen  0.09/turn              (no ring)

@: very slightly contaminated
A: no food or potions, fire vulnerability, cold resistance 1, negative energy
resistance 3, torment resistance, unbreathing
a: no special abilities


You were on level 1 of the Dungeon.
You were not hungry.

You visited 1 branch of the dungeon, and saw 1 of its levels.

You collected 12 gold pieces.

Inventory:

Armour
 a - a +0 robe (worn)
Scrolls
 b - 4 scrolls of teleportation {!r, unknown}


   Skills:
 - Level 1.5 Dodging
 - Level 1.5 Stealth
 + Level 2.8 Spellcasting
 - Level 0.7 Conjurations
 + Level 2.4 Air Magic


You had 4 spell levels left.
You knew the following spells:

 Your Spells              Type           Power        Failure   Level  Hunger
a - Shock                 Conj/Air       #...         12%         1    N/A

Your spell library contained the following spells:

 Spells                   Type           Power        Failure   Level  Hunger
 Lightning Bolt           Conj/Air       #.........   97%         5    N/A
 Swiftness                Chrm/Air       #.......     21%         2    N/A
 Airstrike                Air            #.........   61%         4    N/A
 Static Discharge         Conj/Air       #.......     34%         3    N/A

Dungeon Overview and Level Annotations

Branches:
Dungeon (1/15)

Altars:


Innate Abilities, Weirdness & Mutations

You do not eat or drink.
Your flesh is vulnerable to fire.
You are immune to poison.
Your flesh is cold resistant. (rC+)
You are immune to negative energy. (rN+++)
You are immune to unholy pain and torment.
You can survive without breathing.


Message History

You see here 12 gold pieces.
You now have 12 gold pieces.
A bat comes into view.
The bat closely misses you. The bat hits you. The bat hits you.
The bat hits you but does no damage. The bat barely misses you.
The bat hits you but does no damage.
You see here a cyan potion {!q}.
There is an open door here.
The bat hits you. x2
A leopard gecko and a kobold come into view.
The kobold shouts!
The leopard gecko hisses angrily.
The bat closely misses you.
A rat comes into view.
The leopard gecko bites you.
Casting: Shock (safe; 12% risk of failure)
Confirm with . or Enter, or press ? or * to list all spells.
Aiming: Shock (safe; 12% risk of failure)
Press: ? - help, Shift-Dir - straight line, f - leopard gecko
Aim: a leopard gecko (clinging)
Okay, then.
The bat hits you but does no damage.
Casting: Shock (safe; 12% risk of failure)
Confirm with . or Enter, or press ? or * to list all spells.
Aiming: Shock (safe; 12% risk of failure)
Press: ? - help, Shift-Dir - straight line, f - rat
Aim: a rat That beam is likely to hit you.
Continue anyway?
Okay, then.
Casting: Shock (safe; 12% risk of failure)
Confirm with . or Enter, or press ? or * to list all spells.
Aiming: Shock (safe; 12% risk of failure)
Press: ? - help, Shift-Dir - straight line, p - rat The zap hits the rat.
You kill the rat!
The bat barely misses you. The bat misses you.
The bat hits you but does no damage. The bat misses you.
You see here a rat corpse.
Casting: Shock (safe; 12% risk of failure)
Confirm with . or Enter, or press ? or * to list all spells.
Aiming: Shock (safe; 12% risk of failure)
Press: ? - help, Shift-Dir - straight line The zap hits the bat.
The bat is moderately wounded.
The zap hits the bat.
You kill the bat!
Casting: Shock (safe; 12% risk of failure)
Confirm with . or Enter, or press ? or * to list all spells.
Aiming: Shock (safe; 12% risk of failure)
Press: ? - help, Shift-Dir - straight line The zap misses the leopard gecko.
The zap hits the leopard gecko.
The leopard gecko is almost dead.
The leopard gecko bites you.
* * * LOW HITPOINT WARNING * * *
Casting: Shock (safe; 12% risk of failure)
Confirm with . or Enter, or press ? or * to list all spells.
Aiming: Shock (safe; 12% risk of failure)
Press: ? - help, Shift-Dir - straight line You miscast Shock.
You are very lightly contaminated with residual magic.
Nothing appears to happen.
The leopard gecko bites you.
You die...

##### #...## .##..# ### ...
###..####.### ... # ##..##....#
## ###.( #..#..#..# #.### ####..#
. # ##...##..## #@l## ###.....##.
## ####...#.# ###K####.......#$.
.## ###.#### #.#gK#........#..
..# ##.....## #K####!........#..
..####.......###. ##.........#..
...##...###...######..........#.#
.##.#..## ##....#...............#
.###...## ##..#....#.............
.##.....###...#######.........#..


You could see a leopard gecko, a hobgoblin and 2 kobolds.

Vanquished Creatures
  A bat (D:1)
  A rat (D:1)
2 creatures vanquished.

Notes
Turn   | Place    | Note
-------+----------+-------------------------------------------
     0 | D:1      | Amnesiac the Mummy Air Elementalist began the quest for the Orb.
     0 | D:1      | Reached XP level 1. HP: 13/13 MP: 4/4
   204 | D:1      | Slain by a leopard gecko

Action                   || total
-------------------------++-------
 Cast: Shock             ||     3
Armor: Robe              ||     4
Dodge: Dodged            ||     6
